 Dungeon Crawl Stone Soup version 0.30-a0-738-g116ff8c4af (webtiles) character file.

Game seed: 3605735095524900414

47 gelatine the Trooper (level 3, -5/29 HPs)
             Began as a Demonspawn Fighter on Feb 4, 2023.
             Killed by an exploding dream sheep (16 damage)
             ... ignited by their inner flame
             ... on level 3 of the Dungeon.
             The game lasted 00:04:40 (1584 turns).

gelatine the Trooper (Demonspawn Fighter)           Turns: 1584, Time: 00:04:40

Health: -5/29      AC:  7    Str: 18    XL:     3   Next: 48%
Magic:  3/3        EV:  9    Int:  9    God:
Gold:   36         SH:  5    Dex: 14    Spells: 2/2 levels left

rFire   + . .      SeeInvis .    a - +0 war axe
rCold   . . .      Faith    .    c - +0 buckler
rNeg    . . .      Spirit   .    b - +0 scale mail
rPois   .          Reflect  .    (no helmet)
rElec   .          Harm     .    u - +0 cloak
rCorr   .          Rampage  .    (no gloves)
Will    .....                    (no boots)
Stlth   +                        (no amulet)
HPRegen 0.24/turn                t - ring of protection from fire
MPRegen 0.16/turn                (no ring)

@: no status effects
A: thin skeletal structure 1, magic regeneration
a: no special abilities


You were on level 3 of the Dungeon.
You visited 1 branch of the dungeon, and saw 3 of its levels.

You collected 102 gold pieces.
You spent 66 gold pieces at shops.

Inventory:

Hand Weapons
 a - a +0 war axe (weapon)
Missiles
 n - 3 silver javelins (quivered)
Armour
 b - a +0 scale mail (worn)
 c - a +0 buckler (worn)
 u - a +0 cloak (worn)
Jewellery
 t - a ring of protection from fire (left hand)
Scrolls
 e - a scroll of magic mapping {unknown}
 f - a scroll of immolation {unknown}
 g - 2 scrolls of identify {unknown}
 h - 2 scrolls of amnesia {unknown}
 i - 3 scrolls of brand weapon {unknown}
 v - 2 scrolls of teleportation {unknown}
 w - a scroll of fog {unknown}
Potions
 d - a potion of might
 j - a potion of mutation {unknown}
 k - a potion of attraction {unknown}
 l - 2 potions of heal wounds {unknown}
 m - a potion of magic {unknown}
 o - 3 potions of invisibility {unknown}
 p - 3 potions of curing {unknown}
 q - a potion of lignification {unknown}
 r - 2 potions of haste {unknown}
 s - a potion of ambrosia {unknown}


   Skills:
 * Level 3.4 Fighting
 * Level 2.5 Axes
 * Level 3.0 Armour
 * Level 0.2 Dodging
 * Level 3.0 Shields


You had 2 spell levels left.
You didn't know any spells.
Your spell library contained the following spells:

 Spells                   Type           Power      Damage    Failure   Level
 Foxfire                  Conj/Fire      0%         2x1d4     86%         1
 Fireball                 Conj/Fire      0%         3d3       100%        5
 Starburst                Conj/Fire      0%         6d3       100%        6


Dungeon Overview and Level Annotations

Branches:
Dungeon (3/15)

Altars:
Xom

Shops:
D:2 *:*=(


Innate Abilities, Weirdness & Mutations

You have a somewhat thin skeletal structure. (Dex +2, Stealth+)
You regenerate magic rapidly.


Message History

Found a cloak.
The bat hits you but does no damage. The bat hits you but does no damage.
You throw a silver javelin.
The silver javelin closely misses the bat.
The bat hits you but does no damage. The bat misses you.
You hit the bat.
You kill the bat!
n - 3 silver javelins (gained 1)
You open the door.
The walls suddenly crumble! 5 dream sheep come into view.
A dream sheep catches fire!
The dream sheep is struck with panic!
A dream sheep catches fire!
The dream sheep bleats in terror.
A dream sheep catches fire!
A frightened dream sheep leaps away.
A dream sheep catches fire!
The dream sheep panics and turns to flee.
A dream sheep catches fire!
The dream sheep is struck with panic!
You hear mad divine giggling.
Found a shimmering altar of Xom.
The dream sheep burns! x5
The dream sheep bleats! x5
You hit the dream sheep.
Flame seeps out of the dream sheep.
Your attack snaps the dream sheep out of its fear.
The dream sheep is moderately wounded.
You slash the dream sheep!
Flame seeps out of the dream sheep.
Your attack snaps the dream sheep out of its fear.
The dream sheep burns! x10
The dream sheep explodes!
The fiery explosion engulfs the dream sheep!!!
The fiery explosion engulfs you!! You resist.
Ouch! That really hurt!
The dream sheep explodes!
The fiery explosion engulfs the dream sheep!!
The fiery explosion engulfs the dream sheep!!!
The fiery explosion engulfs you! You resist.
Ouch! That really hurt!
You die...

#######.#
.###.......
..........#
#.........#
#.........#
#......Y..# #
#....§§...##.# ##.
#.....○@§....#
....##....§§○§.####
...........§§§....#
#..............#.#
#[........######.#
#.........#
#.######
#.........#
#......#
#.........#
#..##.##
#.........# #..##.#


You could see a dream sheep (inner flame, fleeing, burning).

Vanquished Creatures
  2 adders (D:2)
  2 worms (D:2)
  2 endoplasms (D:1)
  2 hobgoblins
  5 bats
  3 frilled lizards
  3 goblins
  4 kobolds
  4 rats
27 creatures vanquished.

Vanquished Creatures (others)
  4 dream sheep (D:3)
4 creatures vanquished.

Grand Total: 31 creatures vanquished

Notes
Turn   | Place    | Note
-------+----------+-------------------------------------------
     0 | D:1      | gelatine the Demonspawn Fighter began the quest for the
                  | Orb.
     0 | D:1      | Reached XP level 1. HP: 18/18 MP: 1/1
   364 | D:1      | Found a faded altar of an unknown god.
   447 | D:1      | Gained mutation: You have a somewhat thin skeletal
                  | structure. (Dex +2, Stealth+) [demonic ancestry]
   447 | D:1      | Reached XP level 2. HP: 24/24 MP: 2/2
   808 | D:2      | Found Sexinaq's Weapon Shoppe.
   860 | D:2      | Found Plog's Jewellery Shoppe.
   982 | D:2      | Found Qitog's Assorted Antiques.
   990 | D:2      | Bought a bubbling pink potion for 22 gold pieces
   990 | D:2      | Bought a brown potion for 22 gold pieces
   990 | D:2      | Bought a lumpy dark potion for 22 gold pieces
  1013 | D:2      | Gained mutation: You regenerate magic rapidly. [demonic
                  | ancestry]
  1013 | D:2      | Reached XP level 3. HP: 26/29 MP: 3/3
  1080 | D:2      | Found Paronazo's Book Emporium.
  1138 | D:2      | Found Govuank's General Store.
  1582 | D:3      | Noticed a dream sheep
  1582 | D:3      | Noticed a dream sheep
  1582 | D:3      | Noticed a dream sheep
  1582 | D:3      | Noticed a dream sheep
  1582 | D:3      | Noticed a dream sheep
  1582 | D:3      | Found a shimmering altar of Xom.
  1584 | D:3      | Killed a dream sheep
  1584 | D:3      | Killed a dream sheep
  1584 | D:3      | Killed a dream sheep
  1584 | D:3      | Killed a dream sheep
  1584 | D:3      | Killed by an exploding dream sheep... ignited by their
                  | inner flame

Illustrated notes

Levels and vault maps discovered:
D:1:      doesnt_arrival_eight_statues, layout_loops_ring,
          chequers_ecumenical_altar_lobes
D:2:      layout_rooms, serial_shops, nicolae_shop_bloodbath_and_beyond, shop,
          nicolae_shop_window_shopping, nicolae_shop_waterfront, shop,
          minivault_27, minmay_tromino_mix6
D:3:      cheibrodos_old_hovel, layout_basic, kb_xom_exploding_sheep,
          chequers_hall_statues_wall_a

Skill      XL: |  1  2  3 |
---------------+----------+-----
Axes           | 2 |  2.5
Armour         | 3 |  3.0
Shields        | 3 |  3.0
Fighting       | |  3.4
Dodging        | |  0.2

Action                     || total
---------------------------++-------
  Melee: War axe           ||    86
  Throw: Javelin           ||     1
   Stab: Sleeping          ||     1
 Armour: Scale mail        ||    45
  Dodge: Dodged            ||    48
  Block: Buckler           ||    21

Table legend: (Time is in decaauts)
 A = Elapsed time spent in this place.
 B = Non-inter-level travel time spent in this place.
 C = Inter-level travel time spent in this place.
 D = Time resting spent in this place.
 E = Time spent auto-exploring this place.
 F = Levels seen in this place.
 G = Mean time per level.
                   A        B        C        D        E       F      G
               +--------+--------+--------+--------+--------+-----+--------+
         Total |   1621 |   1564 |     57 |      0 |   1216 |   3 |  540.3 |
       Dungeon |   1621 |   1564 |     57 |      0 |   1216 |   3 |  540.3 |
               +--------+--------+--------+--------+--------+-----+--------+

Top non-repeatable levels by time:
     D:1: 823 daAuts
     D:2: 656 daAuts
     D:3: 141 daAuts
